Map: Berlingrad LE

Players

AGOElazer (Elazer) - Winner!

  • Race: Zerg Zerg
  • League: Master

Reynor

  • Race: Zerg Zerg
  • League: Master

Event: TSL 8

VOD

Have the link to the VOD?

Description

Time

  • Played on: Nov. 26, 2021, 11:29 a.m.
  • Length: 6:05

All games in this series

Show
View Real Time Build Order
Export as new Build Order

AGOElazer Zerg - Winner!

Build Orders: Hatch First 

Get SALT Encoding   

  12  0:00  Drone  
  13  0:12  Overlord  
  13  0:17  Drone  
  14  0:30  Drone x2  
  16  0:46  Hatchery  
  15  0:51  Drone  
  15  0:54  Drone  
  17  0:58  Drone  
  18  1:08  Extractor  
  17  1:12  Spawning Pool  
  17  1:15  Drone  
  17  1:19  Drone  
  18  1:27  Drone  
  19  1:38  Drone  
  20  1:49  Drone  
  21  1:58  Queen  
  21  1:59  Drone, Queen  
  21  2:00  Overlord  
  26  2:09  Drone  
  26  2:10  Drone  
  28  2:22  Drone x2  
  30  2:25  Extractor  
  29  2:32  Drone x2  
  29  2:34  Queen, Lair  
  33  2:47  Drone x2  
  33  2:50  Evolution Chamber  
  34  2:55  Roach Warren  
  34  2:56  Drone x2  
  35  3:04  Drone  
  35  3:05  Overlord  
  36  3:07  Overlord  
  36  3:15  Zerg Missile Weapons Level 1  
  36  3:18  Overlord  
  36  3:22  Overlord  
  36  3:25  Queen  
  38  3:34  Glial Reconstitution  
  38  3:36  Roach x2  
  38  3:40  Roach  
  44  3:45  Roach  
  46  3:49  Roach x2  
  46  3:55  Roach  
  52  3:57  Overlord  
  52  4:00  Roach  
  54  4:03  Roach  
  54  4:07  Roach  
  60  4:10  Roach  
  60  4:14  Roach  
  62  4:18  Roach  
  64  4:25  Roach  
  64  4:28  Roach  
  64  4:30  Roach  
  70  4:32  Roach  
  70  4:33  Roach  
  74  4:39  Roach  
  74  4:40  Overlord  
  74  5:09  Roach x6  
  84  5:20  Roach x2  
  84  5:26  Roach x2  
  84  5:29  Hatchery  
  84  5:33  Roach  
  83  5:39  Overlord  
  83  5:42  Roach  
Show
View Real Time Build Order
Export as new Build Order

Reynor Zerg 

Build Orders: Hatch First 

Get SALT Encoding   

  12  0:00  Drone  
  13  0:12  Overlord  
  13  0:16  Drone  
  14  0:30  Drone x2  
  16  0:47  Hatchery  
  15  0:50  Drone  
  15  0:53  Drone  
  17  0:57  Drone  
  18  1:11  Spawning Pool  
  18  1:14  Drone  
  18  1:17  Drone  
  19  1:20  Extractor  
  18  1:29  Drone  
  19  1:38  Overlord  
  19  1:54  Drone  
  19  1:58  Queen  
  19  1:59  Drone x2, Queen  
  26  2:10  Drone x2  
  28  2:20  Drone  
  28  2:21  Drone  
  30  2:28  Hatchery  
  29  2:31  Drone  
  29  2:32  Drone  
  31  2:41  Evolution Chamber  
  31  2:42  Drone  
  31  2:43  Drone  
  32  2:53  Overlord  
  32  2:54  Drone  
  32  2:56  Queen  
  35  3:03  Drone  
  36  3:07  Zerg Ground Armor Level 1  
  36  3:11  Drone  
  36  3:12  Drone x3  
  40  3:13  Drone  
  40  3:17  Overlord  
  41  3:21  Drone  
  41  3:22  Drone  
  43  3:28  Roach Warren  
  43  3:29  Drone  
  43  3:37  Metabolic Boost  
  43  3:46  Hatchery  
  43  3:48  Drone x2  
  43  3:49  Drone  
  43  3:50  Drone  
  43  3:52  Drone  
  43  3:55  Drone, Extractor  
  48  3:56  Drone  
  48  3:58  Drone  
  48  4:00  Drone  
  50  4:03  Overlord  
  50  4:04  Drone  
  50  4:07  Zergling x2  
  52  4:11  Zergling x6  
  52  4:12  Zergling x2  
  56  4:18  Roach  
  56  4:20  Overlord  
  56  4:21  Spine Crawler  
  56  4:22  Roach  
  59  4:25  Roach  
  59  4:27  Overlord  
  59  4:30  Spine Crawler  
  60  4:37  Overlord  
  60  4:39  Zergling x2, Roach x2  
  60  4:40  Zergling x2  
  60  4:44  Overlord  
  66  4:46  Roach  
  66  4:47  Roach  
  66  4:50  Roach  
  66  4:51  Roach  
  74  4:59  Zergling x2, Roach x3  
  80  5:02  Roach  
  76  5:07  Zergling x2, Roach  
  76  5:10  Zergling x2, Roach  
  75  5:16  Zergling x8  
  75  5:18  Zergling x2  
  75  5:19  Zergling x2  
  75  5:20  Zergling x2  
  72  5:24  Roach  
  72  5:27  Roach  
  72  5:28  Zergling x2  
  68  5:29  Zergling x2  
  68  5:31  Roach  
  68  5:34  Zergling x2  
  64  5:35  Roach  
  64  5:37  Roach  
  64  5:42  Roach x2  
Tags
 
Add a new tag
Caveats
  • Supply blocks, unpowered buildings, or Contaminate may cause inaccurate times.
  • Supply counts are checked every 10 seconds.